 Dungeon Crawl Stone Soup version 0.13-a0-2350-g4422b0a (webtiles) character file.

126 M4edhros the Sneak (level 3, -6/24 HPs)
             Began as an Octopode Artificer on July 11, 2013.
             Killed from afar by an orc wizard (9 damage)
             ... with a magic dart
             ... on Level 2 of the Dungeon.
             The game lasted 00:03:12 (1613 turns).

M4edhros the Sneak (Octopode Artificer)             Turns: 1613, Time: 00:03:12

HP  -6/24        AC  1     Str 15      XL: 3   Next: 77%
MP   4/4         EV 12     Int 15      God:
Gold 77          SH  0     Dex 12      Spells:  0 memorised,  2 levels left

Res.Fire  : . . .   See Invis. : .   h - +1 whip (distort)
Res.Cold  : . . .   Warding    : .   (no shield)
Life Prot.: . . .   Conserve   : .   (helmet restricted)
Res.Poison: .       Res.Corr.  : .   (no amulet)
Res.Elec. : .       Clarity    : .   (no ring)
Sust.Abil.: . .     Spirit.Shd : .   (no ring)
Res.Mut.  : .       Stasis     : .   (no ring)
Res.Rott. : .       Flight     : .   (no ring)
Saprovore : . . .                    (no ring)
                                     (no ring)
                                     (no ring)
                                     (no ring)

@: mighty, slowed, very slow, not resistant to hostile enchantments, quite
stealthy
A: almost no armour, amphibious, 8 rings, constrict 8, camouflage 1, AC +1
a: no special abilities


You were on level 2 of the Dungeon.
You were hungry.

You visited 1 branch of the dungeon, and saw 3 of its levels.

You collected 57 gold pieces.

Inventory:

Hand weapons
 a - a +0,+0 short sword
 h - a +1,+1 whip of distortion (weapon)
Missiles
 p - a throwing net (quivered)
Magical devices
 b - a wand of flame (15)
 c - a wand of enslavement (15)
 d - a wand of random effects (15)
Comestibles
 f - 2 bread rations
Scrolls
 e - 3 scrolls of remove curse {unknown}
 g - 2 scrolls of amnesia {unknown}
 k - a scroll of enchant armour {unknown}
 m - 4 scrolls of identify {unknown}
 r - a scroll of blinking {unknown}
Potions
 n - a potion of resistance {unknown}
 o - a potion of blood {unknown}
 q - a potion of restore abilities {unknown}
 s - a potion of speed {unknown}


   Skills:
 - Level 1.0 Fighting
 - Level 1.5 Short Blades
 + Level 1.2 Maces & Flails
 - Level 2.0 Dodging
 * Level 4.1 Stealth
 - Level 2.1 Traps
 - Level 3.2 Evocations


You had 2 spell levels left.
You didn't know any spells.

Dungeon Overview and Level Annotations

Branches:
Dungeon (3/27)

Altars:

Annotations
D:2 Sigmund


Innate Abilities, Weirdness & Mutations

You cannot wear most types of armour.
You are amphibious.
You can wear up to eight rings at the same time.
You can use your tentacles to constrict many enemies at once.
Your skin changes colour to match your surroundings (Stlth).
Your rubbery body absorbs attacks (AC +1).


Message History

You climb upwards.
Level annotation: Sigmund
There is a stone staircase leading down here.
No target in view!
Drink which item? (? for menu, Esc to quit)
You feel much better.
It was a potion of heal wounds.
It hits you. It hits you.
Drink which item? (? for menu, Esc to quit)
You feel yourself slow down.
It was a potion of slowing.
You hear some strange, mumbled words.
Something tries to affect you, but you resist.
Drink which item? (? for menu, Esc to quit)
You feel very mighty all of a sudden.
It was a potion of might.
It hits you. It hits you but does no damage. It hits you. It hits you!
* * * LOW HITPOINT WARNING * * *
You hear some strange, mumbled words.
The magic dart hits you!
You die...

######### # ##.#......
..####......###.#
.....#............
#...8.....8.#.. . .
#...........#..##
#.##.###.#...@.........
#.#.................#.# .#
......##...........#.##.#
##.....##................#
####......##).8.....8....#..#
..........##................#
.......#..........#.........#
..................###.......#
########.####.....# ##....###


There were no monsters in sight!

Vanquished Creatures
  2 giant geckos
  2 oozes
  An orc (D:3)
  A ball python (D:1)
  5 bats
  2 giant cockroaches
  4 goblins
  4 hobgoblins
  3 jackals (D:2)
  4 kobolds (D:1)
  A quokka (D:2)
  A giant newt (D:1)
  9 rats
39 creatures vanquished.

Vanquished Creatures (others)
  A goblin (D:1)
  A jackal (D:2)
  A kobold (D:1)
3 creatures vanquished.

Grand Total: 42 creatures vanquished

Notes
Turn   | Place    | Note
--------------------------------------------------------------
     0 | D:1      | M4edhros, the Octopode Artificer, began the quest for the Orb.
     0 | D:1      | Reached XP level 1. HP: 14/14 MP: 1/1
   173 | D:1      | Reached XP level 2. HP: 14/19 MP: 3/3
   750 | D:1      | Reached XP level 3. HP: 13/24 MP: 4/4
  1249 | D:2      | Noticed Sigmund
  1289 | D:2      | Reached skill level 4 in Stealth
  1322 | D:2      | Reached skill level 1 in Maces & Flails
  1613 | D:2      | Killed from afar by an orc wizard

Action                   || total
-------------------------++-------
Melee: Short sword       ||    17
       Whip              ||    65
  Use: Potion            ||     3
 Stab: Sleeping          ||     7
       Distracted        ||     1
